 Dungeon Sprint DCSS version 0.28-b1-1-g3c77fb2ed1 (webtiles) character file.

Game seed: 6963191019078368229

1866 rocky1 the Nimble (level 9, -5/72 HPs)
             Began as a Djinni Ice Elementalist on Jan 31, 2022.
             Was a High Priest of Makhleb.
             Slain by an acid dragon (13 damage)
             ... in the Dungeon (Sprint VII: "The Pits").
             The game lasted 00:06:39 (1454 turns).

rocky1 the Nimble (Djinni Ice Elementalist)         Turns: 1454, Time: 00:06:39

Health: -5/72      AC:  2    Str:  7    XL:     9   Next: 35%
Gold:   0          EV: 17    Int: 20    God:    Makhleb [*****.] SH:  0 Dex: 15

rFire   + + .      SeeInvis .   e - +0 scimitar (flame)
rCold   x . .      Faith    .   (no shield)
rNeg    . . .      Spirit   .   a - +0 robe
rPois   ∞          Reflect  .   (no helmet)
rElec   .          Harm     .   (no cloak)
rCorr   .          Rampage  .   (no gloves)
Will    .....      NoTele   +   (boots unavailable)
Stlth   ++........              (no amulet)
HPRegen 0.22/turn               (no ring)
MPRegen 0.00/turn               (no ring)

@: freezing walls, flying
A: sickness immunity, fire resistance 2, cold vulnerability 1, float, innate
caster, hp casting, extra vitality 1
a: Renounce Religion, Minor Destruction, Lesser Servant of Makhleb, Major
Destruction, Greater Servant of Makhleb


You were in the Dungeon.
You worshipped Makhleb.
Makhleb was extremely pleased with you.
You visited 1 branch

Inventory:

Hand Weapons
 e - a +0 scimitar of flaming (weapon)
Armour
 a - a +0 robe (worn)
 j - a +3 scale mail
Scrolls
 f - a scroll of blinking
 h - a scroll of summoning
Potions
 b - 6 potions of curing
 c - 3 potions of heal wounds
 d - a potion of haste
 g - 2 potions of invisibility


   Skills:
 + Level 9.2 Fighting
 + Level 8.4 Long Blades
 + Level 8.0 Armour
 + Level 10.4 Dodging
 - Level 1.5 Stealth
 + Level 7.9 Spellcasting


You had 2 spell levels left.
You knew the following spells:

 Your Spells              Type           Power      Damage    Failure   Level
a - Scorch                Fire           78%        2d8       1%          2
b - Frozen Ramparts       Ice            78%        1d9       1%          3
c - Ozocubu's Armour      Ice            39%        N/A       1%          3
d - Hailstorm             Conj/Ice       39%        3d9       3%          4
e - Beastly Appendage     Tmut           78%        N/A       1%          1
f - Freeze                Ice            100%       1d11      1%          1
g - Confusing Touch       Hex            39%        N/A       1%          3
h - Airstrike             Air            19%        N/A       3%          4
Your spell library was empty.

Dungeon Overview and Level Annotations

Branches:
Dungeon (1/1)

Altars:
Ashenzari
Cheibriados
Dithmenos
Elyvilon
Fedhas
Gozag
Hepliaklqana
Kikubaaqudgha
Makhleb
Nemelex Xobeh
Okawaru
Qazlal
Ru
Sif Muna
Trog
Uskayaw
Vehumet
Wu Jian
Xom
Yredelemnul
Zin
The Shining One
Beogh
Jiyva
Lugonu


Innate Abilities, Weirdness & Mutations

You are immune to sickness and miasma.
You are immune to poison.
Your flesh is very heat resistant. (rF++)
You are vulnerable to cold. (rC-)
You float through the air rather than walking.
You learn spells naturally, not from books.
Your magical power is your life essence.
You have superior vitality. (+4 MHP)


Message History

You feel much better.
Your neqoxec disappears in a puff of smoke!
The flayed ghost barely misses you.
You slash the flayed ghost! You burn the flayed ghost.
You destroy the flayed ghost!
Makhleb accepts your kill.
Your Fighting skill increases to level 9!
Your Long Blades skill increases to level 8!
Your Dodging skill increases to level 10!
You have reached level 9!
Your experience leads to an increase in your attributes!
Increase (S)trength, (I)ntelligence, or (D)exterity?
You feel clever. x2
The power to cast Airstrike wells up from within.
Spell assigned to 'h'.
Unknown command.
You slash the ice beast!
You melt the ice beast.
The ice beast is heavily wounded.
The ice beast hits you but does no damage.
You slash the ice beast!
You melt the ice beast.
You kill the ice beast!
Makhleb accepts your kill.
You feel better.
Your Armour skill increases to level 8!
You barely miss the acid dragon. The acid dragon closely misses you.
The acid dragon misses you.
You hit the acid dragon but do no damage.
The acid dragon spits acid at you. The splash of acid hits you!!
* * * LOW HITPOINT WARNING * * *
You closely miss the acid dragon. The acid dragon barely misses you.
The acid dragon closely misses you.
Casting: Frozen Ramparts (safe; 1% risk of failure)
Confirm with . or Enter, or press ? or * to list all spells.
Casting: Frozen Ramparts (safe; 1% risk of failure)
Press: ? - help, Dir - look around, f - activate The walls around you are covered in ice.
* * * LOW HITPOINT WARNING * * *
The wall freezes the acid dragon.
The acid dragon bites you!
You die...

#.#........##.......#
#)###########.......#
#))#.#.##.. #########
#.......#.# ####
##.#.#.##.#....#
#.......#)#.Y..#
##.#.#.##.'...D+
#.......#D#
##.#.#..'@#
##########


You could see an acid dragon (catching breath).

Vanquished Creatures
  Erica (D)
  A flayed ghost (D)
  An ice beast (D)
  A black bear (D)
  A sky beast (D)
  An ogre (D)
  A gnoll sergeant (D)
  A scorpion (D)
  A crimson imp (D)
  A jelly (D)
  An iron imp (D)
  3 gnolls (D)
  A river rat (D)
  An adder zombie (D)
  A ball python (D)
  2 goblins (D)
  3 hobgoblins (D)
  A bat (D)
  A frilled lizard (D)
24 creatures vanquished.

Vanquished Creatures (collateral kills)
  Duvessa (D)
  Dowan (D)
2 creatures vanquished.

Grand Total: 26 creatures vanquished

Notes
Turn   | Place    | Note
-------+----------+-------------------------------------------
     0 | D        | rocky1 the Djinni Ice Elementalist began the quest for the
                  | Orb.
     0 | D        | Reached XP level 1. HP: 15/15 MP: 0/0
    44 | D        | Found a bloodstained altar of Trog.
    44 | D        | Found a viscous altar of Jiyva.
    44 | D        | Found a hazy altar of Hepliaklqana.
    44 | D        | Found an opulent altar of Gozag.
    45 | D        | Found a glowing golden altar of the Shining One.
    45 | D        | Found a glowing silver altar of Zin.
    45 | D        | Found a basalt altar of Yredelemnul.
    45 | D        | Found a shimmering altar of Xom.
    45 | D        | Found an ornate altar of the Wu Jian Council.
    45 | D        | Found a sacrificial altar of Ru.
    45 | D        | Found a stormy altar of Qazlal.
    45 | D        | Found an iron altar of Okawaru.
    45 | D        | Found a sparkling altar of Nemelex Xobeh.
    45 | D        | Found a burning altar of Makhleb.
    45 | D        | Found a blossoming altar of Fedhas.
    45 | D        | Found a white marble altar of Elyvilon.
    45 | D        | Found a shadowy altar of Dithmenos.
    45 | D        | Found a snail-covered altar of Cheibriados.
    47 | D        | Found a corrupted altar of Lugonu.
    48 | D        | Found a hide-covered altar of Uskayaw.
    48 | D        | Found a broken altar of Ashenzari.
    55 | D        | Became a worshipper of Makhleb the Destroyer
    74 | D        | Noticed a scorpion
    80 | D        | Killed a scorpion
    81 | D        | Reached skill level 4 in Dodging
    81 | D        | Reached XP level 2. HP: 15/25 MP: 0/0
    81 | D        | Reached XP level 3. HP: 19/30 MP: 0/0
    81 | D        | Learned a level 1 spell: Beastly Appendage
    81 | D        | Reached XP level 4. HP: 22/35 MP: 0/0
   278 | D        | Reached * piety under Makhleb
   456 | D        | Reached ** piety under Makhleb
   457 | D        | Reached skill level 5 in Dodging
   525 | D        | Reached XP level 5. HP: 16/41 MP: 0/0
   525 | D        | Learned a level 2 spell: Scorch
   786 | D        | Noticed an ogre
   786 | D        | Noticed a sky beast
   791 | D        | Reached *** piety under Makhleb
   794 | D        | Reached skill level 1 in Armour
   794 | D        | Reached skill level 5 in Spellcasting
   798 | D        | Killed an ogre
   799 | D        | Reached skill level 5 in Fighting
   799 | D        | Reached skill level 6 in Dodging
   799 | D        | Reached XP level 6. HP: 32/49 MP: 0/0
   803 | D        | Reached **** piety under Makhleb
   804 | D        | Reached skill level 5 in Long Blades
   804 | D        | Reached skill level 7 in Dodging
   811 | D        | Killed a sky beast
   812 | D        | Reached XP level 7. HP: 22/56 MP: 0/0
   812 | D        | Learned a level 3 spell: Confusing Touch
  1202 | D        | Reached skill level 5 in Armour
  1202 | D        | Reached skill level 8 in Dodging
  1360 | D        | Noticed Erica
  1367 | D        | Killed Erica
  1368 | D        | Reached skill level 9 in Dodging
  1368 | D        | Reached XP level 8. HP: 65/65 MP: 0/0
  1415 | D        | Noticed Duvessa
  1415 | D        | Noticed Dowan
  1423 | D        | Reached ***** piety under Makhleb
  1423 | D        | Killed Dowan
  1431 | D        | Killed Duvessa
  1437 | D        | Noticed a flayed ghost
  1448 | D        | Killed a flayed ghost
  1449 | D        | Reached skill level 10 in Dodging
  1449 | D        | Reached XP level 9. HP: 34/72 MP: 0/0
  1449 | D        | Learned a level 4 spell: Airstrike
  1454 | D        | Slain by an acid dragon

Illustrated notes

Levels and vault maps discovered:
D:        pitsprint [storerooms_1, entrance_room_1, metal_vault_5, armoury_2,
          mini_pit_1, grid_room_1, main_hall_1, silver_pit, the_coven_3,
          the_vestibule_1, steel_vault_2, golden_pit, hallway_of_sentries,
          crystal_vault_1, iron_vault_2, final_vault]

Skill      XL: |  1  2  3  4  5  6  7  8  9 |
---------------+----------------------------+-----
Fighting       | 3 4 5 6 8 9 |  9.2
Long Blades    | 3 4 5 7 8 |  8.4
Dodging        | 4 5 6 7 9 10 | 10.4
Spellcasting   | 4 5 6 7 |  7.9
Armour         | 2 4 6 7 8 |  8.0
Stealth        | |  1.5

Action                   |  1- 3 |  4- 6 |  7- 9 || total
-------------------------+-------+-------+-------++-------
Melee: Falchion          |     5 |    23 |       ||    28
       Punch             |       |     2 |       ||     2
       Long sword        |       |    17 |    42 ||    59
       Scimitar          |       |       |    18 ||    18
 Cast: Freeze            |     1 |     3 |       ||     4
       Hailstorm         |       |     2 |       ||     2
       Scorch            |       |     2 |       ||     2
       Frozen Ramparts   |       |       |     3 ||     3
Invok: Lesser Servant of |       |       |     2 ||     2
  Use: Potion            |     1 |     2 |     3 ||     6
Armor: Robe              |     1 |     4 |     5 ||    10
Dodge: Dodged            |     2 |    29 |    48 ||    79
